 Dungeon Crawl Stone Soup version 0.25-a0-589-g1e14c549ee (webtiles) character file.

Game seed: 7794164377759698653, levelgen mode: deterministic

3010 vurker the Zephyrmancer (level 9, 38/38 HPs)
             Began as a Felid Air Elementalist on Mar 10, 2020.
             Was a Priest of Vehumet.
             Quit the game on level 10 of the Dungeon.
             The game lasted 00:21:37 (17619 turns).

vurker the Zephyrmancer (Felid Air Elementalist)   Turns: 17619, Time: 00:21:37

Health: 38/38      AC:  4    Str:  4    XL:     9   Next: 55%
Magic:  30/30      EV: 18    Int: 20    God:    Vehumet [***...]
Gold:   286        SH:  4    Dex: 19    Spells: 17/27 levels left
                                        Lives:  0   Deaths: 2

rFire    . . .     SeeInvis +   (weapon unavailable)
rCold    + . .     Gourm    .   (shield unavailable)
rNeg     . . .     Faith    .   (armour unavailable)
rPois    .         Spirit   .   (helmet unavailable)
rElec    .         Reflect  +   (cloak unavailable)
rCorr    .         Harm     .   (gloves unavailable)
MR       +....                  (boots unavailable)
Stlth    +++.......             u - +4 amulet of reflection
HPRegen  0.12/turn              h - ring of protection from cold
MPRegen  0.22/turn              i - ring of magical power

@: quick
A: very small, no armour, no weapons or thrown items, stealth, claws 1, fangs 3,
thin metallic scales 1, thin skeletal structure 1, see invisible, carnivore,
speed 1, frail 1, low mp 1, shaggy fur 2, slow metabolism 1, sharp paws
a: Renounce Religion


You were on level 10 of the Dungeon.
You worshipped Vehumet.
Vehumet was most pleased with you.
You were not hungry.

You visited 2 branches of the dungeon, and saw 12 of its levels.

You collected 632 gold pieces.
You spent 346 gold pieces at shops.

Inventory:

Jewellery
 h - a ring of protection from cold (left paw)
   (You found it on level 2 of the Dungeon)
 i - a ring of magical power (right paw)
   (You bought it in a shop on level 8 of the Dungeon)
 m - an uncursed ring of protection from cold
   (You found it on level 3 of the Dungeon)
 u - a +4 amulet of reflection (around neck)
   (You took it off an orc on level 9 of the Dungeon)
Scrolls
 b - 3 scrolls of blinking
 c - 3 scrolls of fog
 f - 3 scrolls of teleportation
 g - 5 scrolls of remove curse
 k - 2 scrolls of magic mapping {unknown}
 l - a scroll of fear {unknown}
 n - 2 scrolls of amnesia {unknown}
 s - a scroll of immolation
 t - a scroll of identify
Potions
 a - 3 potions of cancellation
 j - 2 potions of magic
 o - 5 potions of curing
 p - a potion of resistance
 r - a potion of heal wounds
Miscellaneous
 q - a sack of spiders
Comestibles
 e - 18 rations


   Skills:
 + Level 7.3 Fighting
 - Level 2.6 Dodging
 - Level 2.6 Stealth
 * Level 9.9 Spellcasting
 * Level 7.7 Conjurations
 * Level 10.0 Air Magic


You had 17 spell levels left.
You knew the following spells:

 Your Spells              Type           Power        Failure   Level  Hunger
a - Shock                 Conj/Air       ####         1%          1    None
b - Lightning Bolt        Conj/Air       #####.....   1%          5    #####..
c - Airstrike             Air            ######....   1%          4    ##.....

Your spell library contained the following spells:

 Spells                   Type           Power        Failure   Level  Hunger
 Stone Arrow              Conj/Erth      ####..       1%          3    None
 Magic Dart               Conj           ####         1%          1    None
 Swiftness                Chrm/Air       ####....     1%          2    None
 Conjure Flame            Conj/Fire      ####....     1%          3    None
 Mephitic Cloud           Conj/Pois/Air  ####....     1%          3    None
 Static Discharge         Conj/Air       #####...     1%          3    None
 Beastly Appendage        Tmut           #.....       7%          1    None
 Blink                    Tloc           N/A          11%         2    None
 Call Imp                 Summ           #.......     11%         2    None
 Slow                     Hex            #.......     11%         2    None
 Sticks to Snakes         Tmut           #.......     11%         2    None
 Spider Form              Tmut/Pois      #.........   22%         3    None
 Ice Form                 Ice/Tmut       #.......     56%         4    ##.....
 Blade Hands              Tmut           #.........   89%         5    #####..


Dungeon Overview and Level Annotations

Branches:
Dungeon (11/15)            Temple (1/1) D:7            Lair (0/6) D:8
    Orc: D:9-12

Altars:
Ashenzari
Cheibriados
Dithmenos
Elyvilon
Fedhas
Gozag
Hepliaklqana
Kikubaaqudgha
Makhleb
Nemelex Xobeh
Okawaru
Qazlal
Ru
Sif Muna
Trog
Uskayaw
Vehumet
Wu Jian
Xom
Yredelemnul
Zin
The Shining One

Shops:
D:8 =   D:10 ?

Annotations:
D:8 1 runed translucent door, Edwards80's ghost, novice MiMo
D:10 Snorg


Innate Abilities, Weirdness & Mutations

You cannot wear armour.
You are incapable of wielding weapons or throwing items.
Your paws allow you to move quietly. (Stealth)
You have sharp claws.
You have razor-sharp teeth.
You have supernaturally acute eyesight. (SInv)
You are carnivorous and can eat meat at any time.
You cover ground quickly.
You are covered in thick fur. (AC +2)
You have a slow metabolism.
Your sharp claws are effective at attacking unaware monsters.
You are partially covered in thin metallic scales. (AC +2)
You have a somewhat thin skeletal structure. (Dex +2, Stealth)
You are frail. (-10% HP)
Your magical capacity is low. (-10% MP)


Message History

a +0 robe; a +5 battleaxe You see here a mace.
There is a stone staircase leading up here.
Things that are here:
a +0 robe; a cursed +0 morningstar
Things that are here:
a +2 robe of resistance; a cursed +0 short sword
Things that are here:
a +0 robe; a +0 dire flail You see here 3 javelins.
You see here 2 javelins.
You see here 2 javelins.
You see here 3 javelins.
There is a stone staircase leading down here.
Snorg is too close now for your liking.
Snorg is nearby!
Snorg is nearby!
Snorg is nearby!
Aim: Snorg (hasn't noticed you)
The air twists around and strikes Snorg!
Snorg shouts!
Aim: Snorg (lightly wounded)
The air twists around and strikes Snorg!
Aim: Snorg (moderately wounded)
The air twists around and strikes Snorg!
Aim: Snorg (heavily wounded)
The air twists around and strikes Snorg!
Aim: Snorg (heavily wounded)
The air twists around and strikes Snorg!
Snorg goes berserk!
Aim: Snorg (severely wounded, berserk, fast, unusually strong)
The air twists around and strikes Snorg!
Aim: Snorg (severely wounded, berserk, fast, unusually strong)
The air twists around and strikes Snorg!
Snorg barely misses you. x2; Snorg closely misses you.
Aim: Snorg (almost dead, berserk, fast, unusually strong)
The air twists around and strikes Snorg!
Snorg bites you!! Snorg claws you!
* * * LOW HITPOINT WARNING * * *
Snorg claws you.
* * * LOW HITPOINT WARNING * * *
Unknown command.
You don't have enough magic to cast that spell.
Magic courses through your body. Snorg bites you!!
Ouch! That really hurt!
You die...
Snorg barely misses you. You block Snorg's attack. Snorg closely misses you.
Snorg claws you! Snorg barely misses you.
You are now level 9!
You rejoin the land of the living...

...# #####....####......#..# ...#
#.......##.........##.##
...######.####..#.....###...#..#
............#...#..##...#...#..#
...######.#.#...#..#..[.#...#..#
........#.#.#.#......|......#..#
#######.#.#.#.#...#....#..#....##
# #.#.#.#.#...#...##..#...... #
#.#.#.#.#.@.###.....#......
#######.#.#.#.##..(......##......
†T.............#......####.......
......#.#.#.#..###...............
#####...#.#.#....#####.........<.
# ##..#.#.#............#.......
######..#.#.#...##.##.##,#..)....
........#...#####*.#*..,,*,,,,***
#######.##########,*****,*,,,,*


There were no monsters in sight!

Vanquished Creatures
  A hydra (D:9)
  A two-headed ogre (D:9)
  Urug (D:10)
  An ugly thing (D:10)
  An elephant (D:8)
  Maggie (D:6)
  Prince Ribbit (D:8)
  4 slime creatures (D:10)
  A hornet (D:8)
  A hippogriff (D:9)
  Sigmund (D:5)
  A wyvern (D:10)
  5 yaks
  A basilisk (D:8)
  4 hogs
  Grum (D:8)
  A human (D:9)
  A water moccasin (D:2)
  6 orc warriors
  Duvessa (D:6)
  3 ice beasts
  A phantom (D:9)
  An eye of draining (D:10)
  7 ogres
  2 wolves
  3 centaurs
  A necrophage (D:9)
  A crocodile (D:8)
  A big kobold (D:9)
  2 bullfrogs
  A wyvern zombie (D:10)
  2 scorpions
  7 killer bees
  Dowan (D:6)
  A jelly (D:9)
  17 wights
  2 howler monkeys
  A crimson imp (D:11)
  A bullfrog zombie (D:11)
  7 hounds
  9 orc priests
  2 bullfrog skeletons
  13 orc wizards
  2 centaur skeletons
  5 iguanas
  Ijyb (D:3)
  2 worker ants
  2 hound zombies
  2 hound skeletons
  A worker ant zombie (D:8)
  7 adders
  A shadow imp (D:5)
  2 oozes
  An adder skeleton (D:9)
  2 adder zombies
  A worm (D:5)
  A dart slug (D:1)
  2 leopard geckos
  48 orcs
  7 bats
  5 giant cockroaches
  7 hobgoblins
  2 quokkas
  A ball python (D:1)
  A frilled lizard (D:2)
  12 goblins
  6 kobolds
  2 rats (D:3)
244 creatures vanquished.

Notes
Turn   | Place    | Note
-------+----------+-------------------------------------------
     0 | D:1      | vurker the Felid Air Elementalist began the quest for the
                  | Orb.
     0 | D:1      | Reached XP level 1. HP: 7/7 MP: 4/4
    66 | D:1      | Reached skill level 1 in Conjurations
   155 | D:1      | Reached XP level 2. HP: 12/12 MP: 1/6
   441 | D:1      | Reached skill level 3 in Air Magic
   960 | D:2      | Noticed a water moccasin
  1091 | D:2      | Reached skill level 1 in Fighting
  1191 | D:2      | Reached XP level 3. HP: 6/15 MP: 0/7
  1475 | D:2      | Killed a water moccasin
  1475 | D:2      | Reached XP level 4. HP: 11/19 MP: 1/9
  2020 | D:2      | Reached XP level 5. HP: 22/22 MP: 3/10
  2162 | D:3      | Gained mutation: You are partially covered in thin metallic
                  | scales. (AC +2) [potion of mutation]
  2162 | D:3      | Gained mutation: You are frail. (-10% HP) [potion of
                  | mutation]
  2162 | D:3      | Gained mutation: Your magical capacity is low. (-10% MP)
                  | [potion of mutation]
  2162 | D:3      | Gained mutation: You have a somewhat thin skeletal
                  | structure. (Dex +2, Stealth) [potion of mutation]
  2240 | D:3      | Reached skill level 4 in Air Magic
  2308 | D:3      | Learned a level 5 spell: Lightning Bolt
  2313 | D:3      | Learned a level 4 spell: Airstrike
  2726 | D:3      | Noticed Ijyb
  2768 | D:3      | Killed Ijyb
  2768 | D:3      | Gained mutation: You are covered in thick fur. (AC +2)
                  | [Felid growth]
  2768 | D:3      | Reached XP level 6. HP: 2/23 MP: 0/11
  4126 | D:4      | Found a glowing golden altar of the Shining One.
  4135 | D:4      | Reached XP level 7. HP: 27/27 MP: 6/13
  4414 | D:5      | Entered Level 5 of the Dungeon
  4482 | D:5      | Reached skill level 5 in Air Magic
  4907 | D:5      | Noticed Sigmund
  4912 | D:5      | Killed Sigmund
  4912 | D:5      | Reached skill level 5 in Spellcasting
  5130 | D:5      | HP: 1/27 [shadow imp/nerve-wracking pain (13)]
  5542 | D:5      | Reached XP level 8. HP: 30/30 MP: 6/15
  5559 | D:4      | Found a shattered altar of Ashenzari.
  5911 | D:5      | Found a blossoming altar of Fedhas.
  6295 | D:6      | Reached skill level 6 in Air Magic
  6802 | D:6      | Noticed Dowan
  6805 | D:6      | Killed Dowan
  6904 | D:6      | Noticed Duvessa
  6967 | D:6      | Killed Duvessa
  7256 | D:6      | Noticed Maggie
  7270 | D:6      | Killed Maggie
  7642 | D:7      | Reached XP level 9. HP: 35/35 MP: 5/17
  7760 | D:7      | Found a staircase to the Ecumenical Temple.
  7772 | Temple   | Entered the Ecumenical Temple
  7959 | Temple   | Became a worshipper of Vehumet
  7987 | D:7      | Found a hazy altar of Hepliaklqana.
  8394 | D:7      | Found a sparkling altar of Nemelex Xobeh.
  8725 | D:8      | Noticed Grum
  8956 | D:8      | Noticed an elephant
  8957 | D:8      | Reached skill level 7 in Air Magic
  9057 | D:8      | Noticed Prince Ribbit
  9061 | D:8      | Killed Prince Ribbit
  9181 | D:8      | Reached skill level 5 in Fighting
  9375 | D:8      | Found a staircase to the Lair.
  9851 | D:8      | Killed an elephant
  9851 | D:8      | Reached skill level 5 in Conjurations
 10278 | D:8      | Reached skill level 8 in Air Magic
 10408 | D:8      | Found Butief Yxes's Jewellery Shop.
 10414 | D:8      | Bought an uncursed ring of magical power for 220 gold
                  | pieces
 10851 | D:8      | Reached XP level 10. HP: 40/40 MP: 16/20
 10940 | D:8      | Reached * piety under Vehumet
 10940 | D:8      | Offered knowledge of Freeze by Vehumet.
 11129 | D:8      | Killed Grum
 11354 | D:8      | Found a runed translucent door.
 11354 | D:8      | Noticed a fire giant
 11354 | D:8      | Noticed Edwards80's ghost (novice MiMo)
 12202 | D:9      | Noticed a two-headed ogre
 12206 | D:9      | Killed a two-headed ogre
 12767 | D:9      | Offered knowledge of Sandblast by Vehumet.
 12811 | D:9      | Reached ** piety under Vehumet
 12967 | D:9      | Reached skill level 9 in Air Magic
 14332 | D:10     | Entered Level 10 of the Dungeon
 14377 | D:10     | Reached XP level 11. HP: 24/44 MP: 10/22
 14626 | D:10     | Found Peamnom's Magic Scroll Shoppe.
 14635 | D:10     | Bought a scroll of identify for 28 gold pieces
 14635 | D:10     | Bought a scroll of remove curse for 42 gold pieces
 14635 | D:10     | Bought a scroll of identify for 28 gold pieces
 14635 | D:10     | Bought a scroll of identify for 28 gold pieces
 14716 | D:10     | Offered knowledge of Stone Arrow by Vehumet.
 15096 | D:10     | Noticed a six-headed hydra
 15097 | D:10     | Noticed a red ugly thing
 15128 | D:9      | Killed a six-headed hydra
 15477 | D:10     | Noticed Urug
 15807 | D:10     | Killed Urug
 15807 | D:10     | Reached *** piety under Vehumet
 16146 | D:10     | Killed a red ugly thing
 16665 | D:11     | Noticed Snorg
 17166 | D:10     | Reached skill level 10 in Air Magic
 17338 | D:10     | Mangled by Snorg
 17339 | D:10     | Reached XP level 10. HP: -8/42 MP: 12/31
 17451 | D:10     | Found Peamnom's Magic Scroll Shoppe.
 17618 | D:10     | Demolished by Snorg
 17619 | D:10     | Reached XP level 9. HP: -19/38 MP: 22/30
 17619 | D:10     | Quit the game

Levels and vault maps discovered:
D:1:      sevenhm_arrival_forest_fort_small_6, layout_basic
D:2:      layout_basic, first_ration
D:3:      kennysheep_the_goblin_king, layout_basic
D:4:      layout_loops_ring, nicolae_overflow_hidden_temple, st_stairs_7
D:5:      layout_basic, kennysheep_mini, uniq_sigmund
D:6:      layout_basic, item_on_display_a, uniq_maggie, uniq_duvessa
D:7:      layout_layer_cave, overflow_temple_1_default,
          minmay_temple_entry_arrows, nemelex_spade_bored_becter
D:8:      kennysheep_blocky_hall, layout_loops_ring, david_lair_generic,
          serial_shops, shop, ebering_ghost_inner_flame, uniq_grum,
          uniq_prince_ribbit1
D:9:      layout_roguey, special_room [special_room_orc], grunt_livestock
D:10:     layout_basic, serial_shops, shop, minmay_radiant, uniq_urug
D:11:     minmay_cut_squares, layout_long_grid, serial_shops,
          nicolae_shop_crystal, nicolae_shop_stone, uniq_snorg, uniq_erica
Temple:   regret_index_temple_mists

Skill      XL: |  1  2  3  4  5  6  7  8  9 10 11 |
---------------+----------------------------------+-----
Conjurations   | 1 2 3 4 5 6 7 |  7.7
Air Magic      | 3 4 5 6 8 9 10 | 10.0
Fighting       | 1 2 3 4 5 6 7 |  7.3
Spellcasting   | 3 4 5 6 8 9 |  9.9
Dodging        | |  2.6
Stealth        | |  2.6

Action                   |  1- 3 |  4- 6 |  7- 9 | 10-12 || total
-------------------------+-------+-------+-------+-------++-------
Melee: Unarmed           |    14 |    19 |    26 |       ||    59
       Bite              |     3 |     2 |     2 |       ||     7
 Cast: Shock             |    67 |    80 |    77 |    48 ||   272
       Airstrike         |       |     4 |   110 |   214 ||   328
       Lightning Bolt    |       |       |     2 |    13 ||    15
Evoke: Wand              |       |       |     3 |       ||     3
  Use: Potion            |     1 |     1 |       |     2 ||     4
       Scroll            |       |     3 |     5 |     8 ||    16
  Eat: Chunk             |     9 |     6 |    25 |    27 ||    67
Armor: Skin              |     6 |     5 |     3 |     5 ||    19
Dodge: Dodged            |    33 |    36 |    66 |    67 ||   202
Block: Other             |       |       |       |     5 ||     5
       Reflection        |       |       |       |     1 ||     1

Table legend:
 A = Non-vault XP
 B = Vault XP
 C = Vault XP percentage of total XP
 D = Non-vault monster count
 E = Vault monster count
 F = Vault count percentage of total count
                 A         B        C        D         E       F
            +---------+---------+-------+---------+---------+-------
      Total |   10225 |    6618 |  39.3 |     186 |      58 |  23.8
            +---------+---------+-------+---------+---------+-------
        D:1 |      36 |       0 |   0.0 |      20 |       0 |   0.0
        D:2 |     172 |       0 |   0.0 |       9 |       0 |   0.0
        D:3 |     138 |      48 |  25.8 |      15 |       7 |  31.8
        D:4 |     450 |      20 |   4.3 |      13 |       2 |  13.3
        D:5 |     473 |     231 |  32.8 |      15 |       1 |   6.2
        D:6 |     583 |     629 |  51.9 |      15 |       3 |  16.7
        D:7 |     260 |     116 |  30.9 |      11 |       1 |   8.3
        D:8 |    1661 |    1968 |  54.2 |      28 |      11 |  28.2
        D:9 |    2473 |    2222 |  47.3 |      25 |      31 |  55.4
       D:10 |    3883 |    1384 |  26.3 |      33 |       2 |   5.7
       D:11 |      96 |       0 |   0.0 |       2 |       0 |   0.0
            +---------+---------+-------+---------+---------+-------
